 Dungeon Crawl Stone Soup version 0.17-a0-2073-gde5cdba (webtiles) character file.

149 evilmojo the Covered (level 5, -3/46 HPs)
             Began as a Hill Orc Wanderer on Oct 15, 2015.
             Slain by a river rat (6 damage)
             ... in a sewer.
             The game lasted 00:07:25 (1537 turns).

evilmojo the Covered (Hill Orc Wanderer)            Turns: 1537, Time: 00:07:25

Health: -3/46      AC: 10    Str: 16    XL:     5   Next: 31%
Magic:  5/5        EV:  9    Int: 11    God:
Gold:   74         SH:  4    Dex: 11    Spells: 0 memorised, 4 levels left

rFire  . . .     SeeInvis .     b - +0 hand axe
rCold  . . .     Clarity  .     a - +2 scale mail
rNeg   . . .     SustAt   .     g - +0 buckler
rPois  .         Gourm    .     (no helmet)
rElec  .         Spirit   .     e - +0 cloak
rCorr  .         Warding  .     (no gloves)
rMut   .         Stasis   .     (no boots)
MR     .....                    (no amulet)
Stlth  ..........               (no ring)
                                (no ring)

@: lethally poisoned (-3 -> -10), not resistant to hostile enchantments,
extremely unstealthy
A: no striking features
a: no special abilities


You were in a sewer.
You were not hungry.

You visited 1 branch of the dungeon, and saw 3 of its levels.
You also visited: Sewer.

You collected 74 gold pieces.

Inventory:

Hand Weapons
 b - a +0 hand axe (weapon)
 c - a +0 short sword
 h - a +0 short sword
 i - a +0 hunting sling
 j - a +0 whip
 x - a +0 war axe
Missiles
 f - 18 arrows
 k - 3 arrows of dispersal
Armour
 a - a +2 scale mail (worn)
 e - a +0 cloak (worn)
 g - a +0 buckler (worn)
 s - a +0 leather armour
 t - a +0 chain mail
Scrolls
 m - 4 scrolls of immolation
 r - a scroll of remove curse
 u - a scroll of fog {unknown}
 v - a scroll of identify {unknown}
Books
 d - a book of Necromancy

   Spells                             Type                      Level
   a - Pain                           Necromancy                   1
   b - Animate Skeleton               Necromancy                   1
   c - Vampiric Draining              Necromancy                   3
   d - Regeneration                   Charms/Necromancy            3
   e - Animate Dead                   Necromancy                   4
   f - Control Undead                 Necromancy                   4
Comestibles
 l - 3 fruits
 o - 2 meat rations
 q - 2 bread rations
 w - a beef jerky


   Skills:
 + Level 3.8 Fighting
 + Level 1.0 Short Blades
 + Level 3.1 Axes
 + Level 4.5 Armour
 + Level 1.7 Dodging
 + Level 2.5 Shields


You had 4 spell levels left.
You didn't know any spells.

Dungeon Overview and Level Annotations

Branches:
Dungeon (3/15)

Altars:


Message History

The river rat closely misses you.
Unknown command.
You closely miss the river rat. x2
You hit the rat.
The rat is severely wounded.
You hit the river rat.
The river rat is moderately wounded.
The river rat bites you but does no damage.
The rat bites you but does no damage. The river rat barely misses you.
The river rat bites you but does no damage.
The river rat barely misses you.
You closely miss the river rat. x2
You hit the rat.
You kill the rat!
You closely miss the river rat.
The river rat is lightly wounded.
* * * LOW HITPOINT WARNING * * *
You feel sick. The river rat misses you. You block the river rat's attack.
The river rat bites you.
You die...

. #####################..
###.≈≈≈≈≈≈≈≈r@r≈≈≈≈≈≈....
##....≈≈≈≈≈≈≈≈rrr≈≈≈≈r....
##.....≈≈≈≈≈≈≈≈rr≈≈≈≈≈≈≈...
#......≈≈≈≈≈≈≈≈≈≈≈≈≈≈≈≈≈...
##......≈≈≈≈≈≈≈≈≈≈≈≈≈≈≈≈≈...
#......≈≈≈≈≈≈≈≈≈≈≈≈≈≈≈≈≈..##
#.....#####################
#....## .....#


You could see 3 river rats and 5 rats.

Vanquished Creatures
  Jessica (D:2)
  An orc wizard (D:3)
  4 adders
  An ooze (D:1)
  A worm (D:2)
  A giant gecko (D:3)
  3 orcs (D:3)
  3 goblins
  2 hobgoblins
  9 jackals
  A quokka (D:2)
  5 ball pythons
  2 bats
  3 giant cockroaches
  2 giant newts (D:1)
  3 kobolds
  16 rats
58 creatures vanquished.

Notes
Turn   | Place    | Note
--------------------------------------------------------------
     0 | D:1      | evilmojo the Hill Orc Wanderer began the quest for the Orb.
     0 | D:1      | evilmojo set off with: a +2 scale mail, a +0 hand axe, a +0 short sword, a bread ration
     0 | D:1      | Reached XP level 1. HP: 18/18 MP: 1/1
    98 | D:1      | Reached XP level 2. HP: 25/25 MP: 2/2
   557 | D:2      | Reached skill level 4 in Armour
   568 | D:2      | Reached XP level 3. HP: 15/30 MP: 3/3
   581 | D:2      | Noticed Jessica
   618 | D:2      | Killed Jessica
   618 | D:2      | Reached XP level 4. HP: 24/38 MP: 4/4
  1102 | D:3      | Reached XP level 5. HP: 20/46 MP: 5/5
  1421 | D:3      | Found a glowing drain.
  1428 | Sewer    | Entered a sewer
  1537 | Sewer    | Slain by a river rat

Vault maps used:
D:1:      onia_arrival_handbag, minmay_statues_item, serial_bayou_ford_a
D:2:      fedhas_altar_4, tgw_xom, uniq_crazy_yiuf_cottage, uniq_jessica
D:3:      first_bread, gup_sewer_entry_bowl, moated_statue
Sewer:    sewer_minmay_w

Action                   |  1- 3 |  4- 6 || total
-------------------------+-------+-------++-------
Melee: Hand axe          |   119 |   122 ||   241
  Use: Potion            |     1 |     3 ||     4
       Scroll            |       |     4 ||     4
  Eat: Bread ration      |       |     1 ||     1
